AoeStats
← BALA

Black Forest

510810548Analyzed
3v3 RM · 1d ago on Oct 2, 2026· 57m 32s· 6 players
Game mode
Random Map
Map size
Normal (6 player)
Population
200
Speed
Normal
Resources
Standard
Victory
Conquest
Starting age
Dark Age
Ending age
Imperial Age
RankedLock teamsTeams togetherTeam positionsShared explorationLock speedFull tech treeHidden civsTurbo modeCheats
Victory
Defeat
🇨🇳 Hindustanis · China
1362
+16
🇧🇪 Britons · Belgium
1295
+18
🇬🇧 Malay · United Kingdom
1200
+22
🇮🇳 Mongols · India
1456
-23
🇮🇳 Turks · India
1334
-18
🇮🇳 Saracens · India
1243
-15
Chiki_Chiki_BANGBANG
0:39 Loom
12:52 Feudal Age
17:31 Castle Age
16:29 Double-Bit Axe
18:42 Horse Collar
22:57 Town Watch
25:59 Bow Saw
27:49 Wheelbarrow
30:32 Hand Cart
33:52 Imperial Age
32:17 Heavy Plow
33:44 Padded Archer Armor
33:35 Fletching
33:57 Fortified Wall
34:07 Ballistics
33:59 Elite Longbowman
35:41 Chemistry
34:53 Town Patrol
37:29 Yeomen
38:45 Leather Archer Armor
38:25 Bodkin Arrow
38:15 Pikeman
38:55 Squires
39:03 Caravan
43:47 Halberdier
53:57 Onager
58:08 Ring Archer Armor
57:39 Bracer
NYK
0:53 Loom
12:06 Feudal Age
11:35 Man-at-Arms
15:00 Double-Bit Axe
16:49 Fletching
20:45 Fishing Lines
24:44 Castle Age
23:31 Padded Archer Armor
23:32 Horse Collar
24:43 Bodkin Arrow
25:28 Bow Saw
25:05 Crossbowman
26:09 Gillnets
27:02 Thumb Ring
30:34 Wheelbarrow
31:28 Leather Archer Armor
32:40 Hand Cart
32:38 Gold Mining
33:16 Thumb Ring
37:35 Imperial Age
35:07 Town Watch
35:59 Ballistics
36:29 Town Patrol
36:46 Arbalester
37:32 Bracer
38:44 Chemistry
37:56 Capped Ram
39:16 Ring Archer Armor
41:14 Siege Engineers
43:56 Caravan
49:06 Masonry
48:37 Treadmill Crane
49:48 Forging
49:00 Pikeman
49:40 Squires
49:27 Arson
50:20 Long Swordsman
52:48 Iron Casting
51:43 Two-Handed Swordsman
52:27 Forced Levy
52:48 Conscription
53:32 Murder Holes
53:04 Halberdier
胖过
10:17 Feudal Age
14:06 Castle Age
12:14 Double-Bit Axe
12:56 Horse Collar
15:31 Wheelbarrow
15:39 Bow Saw
19:56 Heavy Plow
21:53 Wheelbarrow
21:22 Stone Mining
21:51 Gold Mining
23:34 Gold Shaft Mining
24:57 Loom
25:27 Hand Cart
29:40 Imperial Age
26:57 Town Watch
27:21 Scale Barding Armor
27:28 Forging
27:45 Grand Trunk Road
28:35 Stone Shaft Mining
28:47 Chain Barding Armor
28:18 Fletching
29:35 Iron Casting
29:24 Bloodlines
29:39 Husbandry
29:39 Bodkin Arrow
29:45 Padded Archer Armor
30:08 Ballistics
29:59 Masonry
31:52 Leather Archer Armor
32:15 Conscription
31:21 Heavy Camel Rider
34:11 Chemistry
33:07 Murder Holes
33:50 Plate Barding Armor
34:23 Blast Furnace
33:57 Bracer
34:50 Shatagni
35:51 Imperial Camel Rider
36:09 Light Cavalry
37:16 Hussar
38:56 Caravan
40:39 Ring Archer Armor
41:17 Two-Man Saw
40:29 Town Patrol
55:36 Guard Tower
55:52 Siege Engineers
Vikky_[_X_]_Martel
8:00 Loom
9:55 Feudal Age
18:53 Castle Age
17:02 Double-Bit Axe
17:00 Horse Collar
20:21 Bow Saw
21:03 Heavy Plow
22:59 Gold Mining
28:21 Wheelbarrow
31:37 Imperial Age
30:56 Bloodlines
30:47 Husbandry
31:06 Stone Mining
31:54 Gold Shaft Mining
32:04 Scale Barding Armor
31:50 Fletching
32:38 Forging
33:54 Chain Barding Armor
33:02 Onager
33:56 Bodkin Arrow
34:46 Conscription
33:48 Elite Mameluke
35:05 Iron Casting
35:55 Plate Barding Armor
38:06 Blast Furnace
39:04 Scale Mail Armor
39:56 Bracer
44:53 Light Cavalry
47:10 Padded Archer Armor
47:46 Chain Mail Armor
48:38 Masonry
51:58 Elite Skirmisher
52:55 Leather Archer Armor
Oru_Tamizhan
0:45 Loom
11:08 Feudal Age
15:19 Castle Age
14:45 Double-Bit Axe
16:12 Bow Saw
18:23 Horse Collar
22:42 Town Watch
23:35 Heavy Plow
24:32 Fishing Lines
26:19 Wheelbarrow
28:37 Hand Cart
29:20 Gold Mining
29:21 Stone Mining
30:22 Caravan
30:45 Gillnets
34:51 Imperial Age
34:55 Coinage
35:03 Fletching
35:50 Bodkin Arrow
36:26 Treadmill Crane
38:48 Bracer
39:34 Bombard Tower
39:35 Ballistics
39:26 Masonry
45:45 Conscription
45:43 Guilds
46:04 Banking
45:38 Padded Archer Armor
46:49 Two-Man Saw
47:28 Architecture
53:08 Husbandry
55:24 Scale Barding Armor
BALA
0:44 Loom
11:23 Feudal Age
13:08 Double-Bit Axe
13:46 Horse Collar
16:12 Castle Age
17:22 Bow Saw
17:23 Heavy Plow
19:04 Wheelbarrow
18:32 Fishing Lines
22:19 Gillnets
23:41 Gold Mining
27:15 Hand Cart
27:56 Hand Cart
31:23 Imperial Age
28:48 Fletching
28:54 Stone Mining
30:18 Gold Shaft Mining
30:19 Stone Shaft Mining
32:08 Bodkin Arrow
32:13 Padded Archer Armor
32:36 Ballistics
33:16 Chemistry
32:14 Onager
32:55 Bracer
33:19 Drill
33:20 Conscription
33:02 Town Watch
33:45 Elite Mangudai
34:44 Bloodlines
34:34 Husbandry
33:56 Light Cavalry
35:39 Leather Archer Armor
34:51 Hussar
35:48 Town Patrol
35:47 Capped Ram
38:02 Siege Ram
39:38 Scale Barding Armor
39:44 Forging
42:14 Caravan
44:28 Chain Barding Armor
44:44 Iron Casting
46:21 Scale Mail Armor
51:31 Coinage
52:47 Blast Furnace
52:03 Chain Mail Armor
55:56 Plate Mail Armor
Connection lost

Rejoining the realm…

Still unreachable

The connection could not be restored.

Session expired

The server has moved on; the page needs a fresh start.